 Dungeon Crawl Stone Soup version 0.18-a0-1267-gff090c1 (webtiles) character file.

1341 Lathuz the Grappler (level 8, -2/79 HPs)
             Began as a Troll Monk on Feb 6, 2016.
             Slain by Edmund
             ... wielding a +1 flail of protection
              (6 damage)
             ... on level 6 of the Dungeon.
             The game lasted 00:08:59 (3600 turns).

Lathuz the Grappler (Troll Monk)                    Turns: 3600, Time: 00:08:59

Health: -2/79      AC:  5    Str: 20    XL:     8   Next: 35%
Magic:  7/7        EV: 12    Int:  6    God:
Gold:   385        SH:  0    Dex: 14    Spells: 0 memorised, 7 levels left

rFire  . . .     SeeInvis .       - Unarmed
rCold  + . .     Gourm    +     a - +0 robe
rNeg   . . .     Faith    .     (no shield)
rPois  .         Spirit   .     (helmet restricted)
rElec  .         Dismiss  .     (no cloak)
rCorr  .         Reflect  .     (gloves unavailable)
SustAt .         Harm     .     (boots unavailable)
MR     .....                    (no amulet)
Stlth  ++........               (no ring)
                                p - ring of protection from cold

@: not resistant to hostile enchantments, unstealthy
A: unfitting armour, claws 3, fast metabolism 3, gourmand, regeneration 2,
shaggy fur 1, tough skin 2
a: no special abilities


You were on level 6 of the Dungeon.
You were not hungry.

You visited 1 branch of the dungeon, and saw 6 of its levels.

You collected 385 gold pieces.

Inventory:

Missiles
 f - 171 stones (quivered)
Armour
 a - a +0 robe (worn)
Jewellery
 p - a ring of protection from cold (left claw)
Wands
 q - a wand of digging (16/24)
 v - a wand of iceblast (9/15)
 I - a wand of confusion (14/48)
Scrolls
 d - a scroll of immolation {unknown}
 g - a scroll of noise {unknown}
 h - a scroll of amnesia
 i - 2 scrolls of remove curse
 j - 3 scrolls of identify
 m - a scroll of teleportation {unknown}
 n - 3 scrolls of enchant weapon {unknown}
 o - a scroll of blinking {unknown}
 y - a scroll of enchant armour {unknown}
 z - a scroll of random uselessness {unknown}
 A - a scroll of fog {unknown}
 G - a scroll of magic mapping {unknown}
Potions
 c - 2 potions of haste {unknown}
 e - 4 potions of curing
 k - a potion of flight {unknown}
 s - 3 potions of cancellation {unknown}
 u - 3 potions of heal wounds {unknown}
 w - a potion of cure mutation {unknown}
 x - a potion of mutation {unknown}
 D - a potion of agility {unknown}
 F - 3 potions of might {unknown}
Books
 B - a book of Death

   Spells                             Type                      Level
   a - Corpse Rot                     Necromancy                   2
   b - Sublimation of Blood           Necromancy                   2
   c - Agony                          Necromancy                   5
   d - Dispel Undead                  Necromancy                   5
   e - Excruciating Wounds            Charms/Necromancy            5
   f - Bolt of Draining               Conjuration/Necromancy       5
 C - a book of Geomancy

   Spells                             Type                      Level
   a - Sandblast                      Earth                        1
   b - Passwall                       Transmutation/Earth          2
   c - Stone Arrow                    Conjuration/Earth            3
   d - Petrify                        Transmutation/Earth          4
   e - Lee's Rapid Deconstruction     Earth                        5
Comestibles
 b - 8 bread rations
 l - 3 royal jellies
 r - 4 fruits
 t - a slice of pizza
 E - 2 beef jerkies
 H - 2 meat rations


   Skills:
 + Level 4.6 Fighting
 + Level 4.8 Dodging
 - Level 1.1 Stealth
 * Level 8.6 Unarmed Combat


You had 7 spell levels left.
You didn't know any spells.

Dungeon Overview and Level Annotations

Branches:
Dungeon (6/15)             Temple (0/1) D:6

Altars:
Ashenzari
Elyvilon
Pakellas
Sif Muna
Xom
Zin
The Shining One

Annotations:
D:6 Edmund


Innate Abilities, Weirdness & Mutations

You are too large for most types of armour.
You have claws for hands.
Your metabolism is lightning-fast.
You like to eat raw meat.
You heal very quickly.
You are covered in fur (AC +1).
You have very tough skin (AC +2).


Message History

You closely miss Duvessa.
Duvessa is heavily wounded.
The crimson imp blinks!
Duvessa hits you with a rapier!
You scratch Duvessa.
Duvessa is heavily wounded.
Duvessa hits you with a rapier!
The crimson imp blinks!
You mangle Duvessa!!
Duvessa is almost dead.
Duvessa hits you with a rapier!!
* * * LOW HITPOINT WARNING * * *
Edmund the Younger comes into view.
He is wielding a flail of protection.
You scratch Duvessa.
Duvessa is almost dead.
Duvessa hits you with a rapier!
* * * LOW HITPOINT WARNING * * *
Duvessa barely misses you.
You claw Duvessa!
You kill Duvessa!
Edmund hits you with a flail of protection.
You die...

.# ####.## ......# ......#
......# ......#### .........#
# ....(.##....##.######
......# #....@@..5## ......#
###..####..### ......# ##.
#.....# ......# #.. #.....#
#..)### #.# #.....# ###.# #.#
#####.#### ###.# #.#
#........# ....# #.#
#........####
###.########.#####...........#


You could see Edmund and a crimson imp.

Vanquished Creatures
  Grinder (D:4)
  Eustachio (D:6)
  Duvessa (D:6)
  A black bear (D:4)
  3 ogres (D:4)
  A phantom (D:6)
  Dowan (D:6)
  A scorpion (D:4)
  A crimson imp (D:6)
  A giant frog zombie (D:6)
  An orc wizard (D:4)
  6 worker ants
  7 adders
  An adder skeleton (D:6)
  2 worms
  4 giant geckos
  7 orcs
  3 giant cockroaches
  5 goblins
  9 hobgoblins
  3 jackals (D:3)
  4 quokkas
  3 ball pythons (D:1)
  5 bats
  9 giant newts
  5 kobolds
  6 rats
92 creatures vanquished.

Vanquished Creatures (others)
  A lightning spire (D:4)
  A goblin (D:1)
  A kobold (D:1)
  3 bushes (D:4)
6 creatures vanquished.

Grand Total: 98 creatures vanquished

Notes
Turn   | Place    | Note
--------------------------------------------------------------
     0 | D:1      | Lathuz the Troll Monk began the quest for the Orb.
     0 | D:1      | Reached XP level 1. HP: 22/22 MP: 0/0
   192 | D:1      | Reached XP level 2. HP: 29/29 MP: 1/1
   655 | D:2      | Reached skill level 5 in Unarmed Combat
   655 | D:2      | Reached XP level 3. HP: 34/36 MP: 2/2
   794 | D:2      | You fall through a shaft!
   802 | D:3      | Found a shattered altar of Ashenzari.
  1127 | D:2      | Reached XP level 4. HP: 37/44 MP: 3/3
  1359 | D:3      | Found a deep blue altar of Sif Muna.
  1744 | D:3      | Found a white marble altar of Elyvilon.
  1744 | D:3      | Found a glowing silver altar of Zin.
  1745 | D:3      | Found a glowing golden altar of the Shining One.
  1992 | D:4      | Found a shimmering altar of Xom.
  2050 | D:4      | Noticed an ogre
  2058 | D:4      | Killed an ogre
  2058 | D:4      | Reached skill level 6 in Unarmed Combat
  2058 | D:4      | Reached XP level 5. HP: 21/53 MP: 4/4
  2133 | D:4      | Found an oddly glowing altar of Pakellas.
  2134 | D:4      | Noticed an ice dragon
  2152 | D:4      | Noticed an ogre
  2166 | D:4      | Killed an ogre
  2166 | D:4      | Reached XP level 6. HP: 19/61 MP: 5/5
  2266 | D:4      | Noticed Grinder
  2275 | D:4      | Killed Grinder
  2275 | D:4      | Reached skill level 7 in Unarmed Combat
  2275 | D:4      | Reached XP level 7. HP: 40/67 MP: 6/6
  2909 | D:5      | Entered Level 5 of the Dungeon
  3369 | D:6      | Noticed Eustachio
  3401 | D:6      | Killed Eustachio
  3401 | D:6      | Reached skill level 8 in Unarmed Combat
  3401 | D:6      | Reached XP level 8. HP: 75/79 MP: 7/7
  3546 | D:6      | Found a staircase to the Ecumenical Temple.
  3583 | D:6      | Noticed Duvessa
  3583 | D:6      | Noticed Dowan
  3590 | D:6      | Killed Dowan
  3598 | D:6      | Noticed Edmund
  3598 | D:6      | HP: 3/79 [Duvessa/rapier (12)]
  3599 | D:6      | Killed Duvessa
  3600 | D:6      | Slain by Edmund

Vault maps used:
D:1:      minmay_arrival_semitransparent, serial_glass, glass_columns_a,
          glass_columns_a, kennysheep_another_room, grunt_decor_cap,
          lemuel_old_faithful
D:3:      good_gods_mini_temple, evilmike_ruin_ashenzari, lemuel_blue_sif_altar,
          uniq_jessica
D:4:      black_bear_nest_1, lemuel_round_altar, grunt_ministairs_1,
          gammafunk_pakellas_spire_experiment, uniq_grinder
D:5:      first_bread
D:6:      lemuel_round_altar, grunt_qazlal_sundering, uniq_edmund,
          uniq_eustachio, uniq_duvessa

Action                   |  1- 3 |  4- 6 |  7- 9 || total
-------------------------+-------+-------+-------++-------
Melee: Unarmed           |   105 |    67 |    99 ||   271
  Use: Scroll            |     2 |       |     2 ||     4
 Stab: Sleeping          |     2 |       |     3 ||     5
  Eat: Chunk             |    16 |    10 |     4 ||    30
